[Event "Malmo Open 2023"]
[Site "Malmo SWE"]
[Date "2023.12.17"]
[Round "7.10"]
[White "Jacobsen, Mikkel Manosri"]
[Black "Kreken, Eivind Grunt"]
[Result "1-0"]
[WhiteElo "2331"]
[BlackElo "2271"]
[ECO "A14"]
[TimeControl "15 minutes + 5 seconds per move from move one (Round 1 - 4) / 90 minutes + 30 seconds per move from move one (Round 5 - 8)"]
[WhiteTitle "FM"]
[WhiteFideId "1444514"]
[BlackFideId "1532359"]

1.c4 e6 2.g3 d5 3.Bg2 Nf6 4.Nf3 Be7 5.O-O O-O 6.b3 d4 7.e3 c5 8.Ne5 Qc7 9.
f4 Nbd7 10.Nd3 e5 11.Bb2 Bd6 12.Na3 a6 13.Nc2 Re8 14.Kh1 Rb8 15.fxe5 Nxe5 
16.Nxe5 Bxe5 17.exd4 cxd4 18.Bxd4 Bg4 19.Bxe5 Qxe5 20.Bf3 Bxf3+ 21.Rxf3 
Rbd8 22.Kg1 Qe2 23.d4 Ng4 24.Qxe2 Rxe2 25.Rc1 Rxh2 26.Rf4 h5 27.Rxg4 Rxc2 
28.Rxc2 hxg4 29.d5 Re8 30.c5 f5 31.b4 Kf7 32.a4 Ke7 33.b5 axb5 34.axb5 Kd8
35.Ra2 Re1+ 36.Kf2 Rd1 37.Ra8+ Kd7 38.c6+ Kc7 39.Rg8 bxc6 40.dxc6 Rd5 41.
Rxg7+ Kb8 42.b6 1-0

[Event "Malmo Open 2023"]
[Site "Malmo SWE"]
[Date "2023.12.17"]
[Round "8.1"]
[White "Peng, Li Min"]
[Black "Hector, Jonny"]
[Result "1-0"]
[WhiteElo "2562"]
[BlackElo "2444"]
[ECO "A20"]
[TimeControl "15 minutes + 5 seconds per move from move one (Round 1 - 4) / 90 minutes + 30 seconds per move from move one (Round 5 - 8)"]
[WhiteTitle "GM"]
[BlackTitle "GM"]
[WhiteFideId "14112620"]
[BlackFideId "1700090"]

1.c4 e5 2.Nf3 Nc6 3.g3 Nf6 4.Bg2 d5 5.cxd5 Nxd5 6.O-O Nde7 7.b4 a6 8.Bb2 
Ng6 9.a3 Be7 10.d3 O-O 11.Nbd2 Re8 12.Rc1 Nd4 13.Nxd4 exd4 14.Rc4 Bf6 15.
Ne4 c6 16.Nxf6+ Qxf6 17.Bxd4 Qe7 18.Re1 Be6 19.Rc5 Rad8 20.Qa1 f6 21.a4 
Bd5 22.Bxd5+ cxd5 23.Qc3 Qe6 24.Rc7 Rc8 25.b5 h5 26.f3 h4 27.Kg2 Ne7 28.
Bf2 Nf5 29.b6 Rb8 30.e4 Nd6 31.Qb3 dxe4 32.Qxe6+ Rxe6 33.dxe4 Ne8 34.Rd7 
Rc8 35.Rxb7 Rc2 36.Rb8 h3+ 37.Kf1 Rb2 38.Rd1 Kh7 39.Rbd8 Kg6 40.a5 f5 41.
exf5+ Kxf5 42.R8d2 Rb3 43.Re2 Nd6 44.g4+ Kf6 45.g5+ Kf7 46.f4 Rxe2 47.Kxe2
Ke6 48.Bd4 g6 49.Rd3 Rb4 50.Be5 Nb7 51.Rxh3 Nxa5 52.Bc3 Rb3 53.Re3+ 1-0

[Event "Malmo Open 2023"]
[Site "Malmo SWE"]
[Date "2023.12.17"]
[Round "8.2"]
[White "Olsen, Filip Boe"]
[Black "Hillarp Persson, Tiger"]
[Result "1/2-1/2"]
[WhiteElo "2423"]
[BlackElo "2493"]
[ECO "A40"]
[TimeControl "15 minutes + 5 seconds per move from move one (Round 1 - 4) / 90 minutes + 30 seconds per move from move one (Round 5 - 8)"]
[WhiteTitle "IM"]
[BlackTitle "GM"]
[WhiteFideId "1440640"]
[BlackFideId "1700812"]

1.d4 g6 2.Nf3 Bg7 3.g3 c5 4.dxc5 Qa5+ 5.Nbd2 Qxc5 6.Bg2 Nf6 7.O-O O-O 8.e4
d6 9.a4 Nc6 10.h3 Be6 11.c3 Qb6 12.Qe2 Rac8 13.Re1 h6 14.Nf1 Na5 15.Be3 
Qc7 16.Nd4 Bc4 17.Qd1 a6 18.Nd2 e5 19.Nc2 Be6 20.Nb4 Nc6 21.Nxc6 Qxc6 22.
c4 Qd7 23.Kh2 Bxc4 24.Nxc4 Rxc4 25.b3 Rc6 26.a5 Rfc8 27.Ra2 Bf8 28.Rb2 h5 
29.Qf3 Be7 30.Bf1 Kg7 31.Bc4 Qd8 32.Bb6 Rxb6 33.axb6 Qxb6 34.Rc2 Qb4 35.
Rec1 Bd8 36.Kg2 a5 37.Qd3 Bb6 38.Bd5 Rxc2 39.Rxc2 Bc5 40.Qc4 Qxc4 41.Bxc4 
Nxe4 42.Bd5 f5 43.Bxb7 Nf6 44.Ra2 Bb4 45.Rc2 Bc5 46.Ra2 Bb4 47.Rc2 h4 48.
Rc7+ Kh6 49.Rf7 Nh5 50.Bf3 hxg3 51.Bxh5 gxh5 52.Kxg3 Kg6 53.Rd7 e4 54.Kg2 
Kf6 55.Rh7 Kg5 56.Rg7+ Kf4 57.Rh7 Kg5 58.Rg7+ Kf6 59.Rh7 Kg6 60.Rd7 Kg5 
1/2-1/2

[Event "Malmo Open 2023"]
[Site "Malmo SWE"]
[Date "2023.12.17"]
[Round "8.3"]
[White "Sorensen, Hampus"]
[Black "Pantzar, Milton"]
[Result "0-1"]
[WhiteElo "2474"]
[BlackElo "2456"]
[ECO "D61"]
[TimeControl "15 minutes + 5 seconds per move from move one (Round 1 - 4) / 90 minutes + 30 seconds per move from move one (Round 5 - 8)"]
[WhiteTitle "IM"]
[BlackTitle "IM"]
[WhiteFideId "8703884"]
[BlackFideId "1721003"]

1.d4 d5 2.c4 e6 3.Nf3 Nf6 4.Bg5 Nbd7 5.e3 Be7 6.Nc3 O-O 7.Qc2 c6 8.Rd1 a6 
9.Bd3 h6 10.Bh4 dxc4 11.Bxc4 b5 12.Be2 Bb7 13.a3 a5 14.O-O Rc8 15.Qb1 b4 
16.Na4 c5 17.dxc5 Nd5 18.Bg3 Bc6 19.Nb6 N7xb6 20.cxb6 Qxb6 21.axb4 axb4 
22.e4 Nf6 23.Nd2 Rfd8 24.Rfe1 Qb7 25.Bf1 b3 26.e5 Nh5 27.Nc4 Bd5 28.Rc1 
Qb4 29.Na3 Nxg3 30.hxg3 Bc5 31.Nb5 Qd2 32.Be2 Qg5 33.Bf1 Bb6 34.Rxc8 Rxc8 
35.Qd3 Rc2 36.Nd4 Rd2 37.Nf3 Bxf2+ 0-1

[Event "Malmo Open 2023"]
[Site "Malmo SWE"]
[Date "2023.12.17"]
[Round "8.4"]
[White "Brynell, Stellan"]
[Black "Loftgaard, Mikkel Vinh"]
[Result "1-0"]
[WhiteElo "2402"]
[BlackElo "2322"]
[ECO "D38"]
[TimeControl "15 minutes + 5 seconds per move from move one (Round 1 - 4) / 90 minutes + 30 seconds per move from move one (Round 5 - 8)"]
[WhiteTitle "GM"]
[BlackTitle "FM"]
[WhiteFideId "1700219"]
[BlackFideId "1468480"]

1.d4 Nf6 2.Nf3 d5 3.c4 e6 4.Nc3 Bb4 5.Bg5 h6 6.Bxf6 Qxf6 7.Qb3 Bxc3+ 8.
bxc3 c6 9.e3 Nd7 10.Be2 O-O 11.O-O b6 12.cxd5 exd5 13.a4 Qd6 14.Qa3 Qc7 
15.Qe7 Qb7 16.Rfc1 a6 17.c4 dxc4 18.Bxc4 b5 19.Bb3 a5 20.h3 Ra6 21.Ra2 Rb6
22.Rac2 b4 23.Nd2 Nf6 24.Qxb7 Bxb7 25.f3 Nd5 26.Kf2 Re8 27.Nc4 Ra6 28.Nd6 
Re7 29.Nxb7 Rxb7 30.Rxc6 Rxc6 31.Rxc6 Nc3 32.Rc8+ Kh7 33.Ra8 g6 34.Rxa5 f5
35.Rc5 Kg7 36.a5 Nb1 37.Ke2 1-0

[Event "Malmo Open 2023"]
[Site "Malmo SWE"]
[Date "2023.12.17"]
[Round "8.5"]
[White "Lindberg, Bengt"]
[Black "Crevatin, Leo"]
[Result "1/2-1/2"]
[WhiteElo "2344"]
[BlackElo "2300"]
[ECO "B12"]
[TimeControl "15 minutes + 5 seconds per move from move one (Round 1 - 4) / 90 minutes + 30 seconds per move from move one (Round 5 - 8)"]
[WhiteTitle "IM"]
[BlackTitle "FM"]
[WhiteFideId "1700359"]
[BlackFideId "1726307"]

1.e4 c6 2.d4 d5 3.e5 Bf5 4.Nf3 e6 5.a3 Nd7 6.Be2 h6 7.O-O g5 8.Be3 Ne7 9.
Nbd2 Bg7 10.Ne1 Bg6 11.f3 c5 12.c3 Nf5 13.Bf2 O-O 14.b4 c4 15.Nc2 f6 16.g4
Ne7 17.exf6 Rxf6 18.Bg3 Qf8 19.Ne3 Bh7 1/2-1/2

[Event "Malmo Open 2023"]
[Site "Malmo SWE"]
[Date "2023.12.17"]
[Round "8.7"]
[White "Kistrup, Nicolai"]
[Black "Meskenas, Paulius"]
[Result "1-0"]
[WhiteElo "2337"]
[BlackElo "2131"]
[ECO "D85"]
[TimeControl "15 minutes + 5 seconds per move from move one (Round 1 - 4) / 90 minutes + 30 seconds per move from move one (Round 5 - 8)"]
[WhiteTitle "FM"]
[BlackTitle "FM"]
[WhiteFideId "1444816"]
[BlackFideId "12809969"]

1.d4 Nf6 2.c4 g6 3.Nc3 d5 4.cxd5 Nxd5 5.Bd2 Bg7 6.e4 Nxc3 7.Bxc3 c5 8.d5 
Bxc3+ 9.bxc3 e5 10.h4 h6 11.h5 g5 12.Ne2 Nd7 13.Ng3 a6 14.a4 Qa5 15.Qb3 b5
16.Ra2 c4 17.axb5 cxb3 18.Rxa5 Rb8 19.Kd2 Nc5 20.bxa6 b2 21.Bb5+ Bd7 22.a7
O-O 23.axb8=Q Rxb8 24.Ra2 Rxb5 25.Rb1 Nb3+ 26.Kc2 Na5 27.Rbxb2 Rc5 28.Rb8+
Kg7 29.Rd8 1-0

[Event "Malmo Open 2023"]
[Site "Malmo SWE"]
[Date "2023.12.17"]
[Round "8.8"]
[White "Mueller, Magnus"]
[Black "Jacobsen, Mikkel Manosri"]
[Result "0-1"]
[WhiteElo "2023"]
[BlackElo "2331"]
[ECO "B12"]
[TimeControl "15 minutes + 5 seconds per move from move one (Round 1 - 4) / 90 minutes + 30 seconds per move from move one (Round 5 - 8)"]
[BlackTitle "FM"]
[WhiteFideId "16230060"]
[BlackFideId "1444514"]

1.e4 c6 2.d4 d5 3.e5 Bf5 4.h4 h5 5.Bd3 Bxd3 6.Qxd3 Qa5+ 7.b4 Qa6 8.e6 Qxd3
9.cxd3 Nh6 10.Nd2 g6 11.Ndf3 f6 12.Nh3 Na6 13.O-O Nf5 14.b5 cxb5 15.Nf4 
Rg8 16.Bd2 O-O-O 17.Rfb1 Nc7 18.a4 b6 19.a5 Kb7 20.Ne2 a6 21.Nc1 Bh6 22.
Bxh6 Nxh6 23.Nb3 Rd6 24.axb6 Kxb6 25.Nc5 Ra8 26.Re1 Nf5 27.Re2 a5 28.Rc1 
Rc6 29.Rec2 Ka7 30.Ra2 a4 31.Rb1 Rb8 32.Nd7 Rd8 33.Nc5 Rdd6 34.Rc2 Ng7 35.
Re1 Ngxe6 36.Rce2 Kb6 0-1

[Event "Malmo Open 2023"]
[Site "Malmo SWE"]
[Date "2023.12.17"]
[Round "8.9"]
[White "Pedersen, Daniel Vesterbaek"]
[Black "Vasli, Aref"]
[Result "1/2-1/2"]
[WhiteElo "2186"]
[BlackElo "2402"]
[ECO "C78"]
[TimeControl "15 minutes + 5 seconds per move from move one (Round 1 - 4) / 90 minutes + 30 seconds per move from move one (Round 5 - 8)"]
[WhiteTitle "FM"]
[BlackTitle "FM"]
[WhiteFideId "1402161"]
[BlackFideId "417521"]

1.e4 e5 2.Nf3 Nc6 3.Bb5 a6 4.Ba4 Nf6 5.O-O b5 6.Bb3 Bb7 7.c3 Be7 8.Re1 d6 
9.d4 O-O 10.Nbd2 Re8 11.Nf1 Bf8 12.Ng3 h6 13.a3 exd4 14.cxd4 Na5 15.Bc2 c5
16.d5 Nc4 17.Nd2 Nb6 18.f4 Nfd7 19.Ndf1 a5 20.b3 b4 21.Ne3 Ba6 22.Bb2 c4 
23.bxc4 Nxc4 24.Nxc4 Bxc4 25.axb4 axb4 26.Ba4 Bb5 27.Nf5 Rxa4 28.Nxh6+ 
gxh6 29.Qg4+ Kh7 30.Qf5+ Kg8 31.Qg4+ Kh7 32.Qf5+ Kg8 33.Qg4+ 1/2-1/2

[Event "Malmo Open 2023"]
[Site "Malmo SWE"]
[Date "2023.12.17"]
[Round "8.10"]
[White "Schwartz, Julius"]
[Black "Akesson, Ralf"]
[Result "0-1"]
[WhiteElo "2144"]
[BlackElo "2387"]
[ECO "B48"]
[TimeControl "15 minutes + 5 seconds per move from move one (Round 1 - 4) / 90 minutes + 30 seconds per move from move one (Round 5 - 8)"]
[BlackTitle "GM"]
[WhiteFideId "2402831"]
[BlackFideId "1700120"]

1.e4 c5 2.Nf3 e6 3.d4 cxd4 4.Nxd4 Nc6 5.Nc3 Qc7 6.Be3 a6 7.g4 b5 8.Nxc6 
Qxc6 9.Qd2 Nf6 10.f3 h6 11.h4 Bb4 12.Qd4 Bxc3+ 13.bxc3 d5 14.O-O-O Bb7 15.
e5 Nd7 16.Qb4 Nxe5 17.Bd4 f6 18.Bxe5 fxe5 19.Re1 Qc7 20.a4 bxa4 21.Qxa4+ 
Kf7 22.Bd3 Rhc8 23.h5 Kg8 24.g5 e4 25.fxe4 Qxc3 26.gxh6 Qxd3 27.Rhg1 Qc3 
28.Rxg7+ Kh8 29.Re2 Bc6 30.Qa2 Bb5 31.Reg2 Qe1+ 32.Kb2 Bc4 0-1